[ AOE2 MATCH · #494882458 ]
UnrankedIncas vs Khmer
Player's team · LOSS
Rival team · WIN
[ REPLAY ANALYSIS · EXTRACTED FROM THE RECORDED GAME ]
Feudal
9:15
Castle
19:05
Imperial
38:15
| APM avg | 59.6 |
| APM peak | 110 |
| eAPM avg | 33.9 |
| Villagers / military | 168 / 93 |
Focus
⚔️ 28.4% · 🌾 71.6%
Kamayuk ×31 · Spearman ×22 · Monk ×9 · Skirmisher ×9 · Trebuchet (Packed) ×9 · Archer ×7
Feudal
8:53
Castle
23:22
Imperial
40:28
| APM avg | 58.7 |
| APM peak | 127 |
| eAPM avg | 20.7 |
| Villagers / military | 139 / 77 |
Focus
⚔️ 34.2% · 🌾 65.8%
Knight ×36 · Archer ×16 · Scout Cavalry ×11 · Trebuchet (Packed) ×5 · Monk ×3 · Battering Ram ×3
Match map
Initial resources + every placement click. Lines = walls · curves = elevation contours. ◆ gold · ⬟ stone · ● berries · ✦ relic · ◌ wall gap
Your base· ✓ Closed at 19:05 · 41t walls · no gate
wanna lose 21 grams's base· Open — opponent sealed themselves in
Smoothed initial terrain · ◌ = detected wall gap · hover for details
Inputs per minute
— Yax - - wanna lose 21 grams
Build order — Yax
First 150 of 419 actions detected
| 0:00 | Queue | Villager (Male) |
| 0:00 | Queue | Villager (Male) |
| 0:01 | Queue | Villager (Male) |
| 0:02 | Build | House |
| 0:03 | Build | House |
| 0:05 | Queue | Villager (Male) |
| 1:23 | Queue | Villager (Male) |
| 2:01 | Queue | Villager (Male) |
| 2:02 | Queue | Villager (Male) |
| 2:09 | Queue | Villager (Male) |
| 2:39 | Queue | Villager (Male) |
| 2:44 | Queue | Villager (Male) |
| 2:54 | Build | Settlement |
| 3:40 | Queue | Villager (Male) |
| 3:44 | Queue | Villager (Male) |
| 4:11 | Queue | Villager (Male) |
| 4:44 | Queue | Villager (Male) |
| 5:05 | Queue | Villager (Male) |
| 5:05 | Queue | Villager (Male) |
| 5:30 | Queue | Villager (Male) |
| 5:30 | Queue | Villager (Male) |
| 5:31 | Queue | Villager (Male) |
| 6:34 | Research | Loom |
| 6:59 | Research | Feudal Age |
| 8:04 | Build | Barracks |
| 8:15 | Build | House |
| 9:15 | Age | Feudal Age |
| 9:17 | Queue | Spearman |
| 9:19 | Research | Double-Bit Axe |
| 9:19 | Research | Double-Bit Axe |
| 9:20 | Queue | Villager (Male) |
| 9:21 | Queue | Villager (Male) |
| 9:35 | Build | Settlement |
| 9:39 | Build | Archery Range |
| 10:00 | Queue | Villager (Male) |
| 10:12 | Build | Palisade Wall |
| 10:27 | Build | House |
| 10:32 | Queue | Villager (Male) |
| 10:38 | Build | Palisade Wall |
| 10:40 | Queue | Villager (Male) |
| 10:41 | Queue | Archer |
| 10:43 | Build | House |
| 10:48 | Queue | Villager (Male) |
| 10:51 | Build | Farm |
| 10:54 | Queue | Spearman |
| 11:03 | Build | House |
| 11:14 | Build | House |
| 11:15 | Queue | Villager (Male) |
| 11:26 | Queue | Skirmisher |
| 11:48 | Build | House |
| 11:52 | Queue | Villager (Male) |
| 12:07 | Build | Farm |
| 12:08 | Build | Farm |
| 12:11 | Build | Farm |
| 12:13 | Queue | Skirmisher |
| 12:19 | Build | Palisade Wall |
| 12:25 | Queue | Villager (Male) |
| 12:39 | Queue | Archer |
| 12:42 | Build | Farm |
| 12:43 | Queue | Villager (Male) |
| 12:58 | Build | Blacksmith |
| 13:10 | Queue | Villager (Male) |
| 13:15 | Build | Farm |
| 13:29 | Queue | Archer |
| 13:42 | Build | House |
| 13:47 | Queue | Villager (Male) |
| 13:47 | Queue | Villager (Male) |
| 14:00 | Build | Farm |
| 14:02 | Build | Farm |
| 14:20 | Queue | Archer |
| 14:21 | Queue | Spearman |
| 14:43 | Queue | Villager (Male) |
| 14:44 | Queue | Archer |
| 14:45 | Queue | Villager (Male) |
| 15:10 | Queue | Spearman |
| 15:15 | Build | Farm |
| 15:34 | Queue | Skirmisher |
| 16:05 | Build | Watch Tower |
| 16:06 | Queue | Villager (Male) |
| 16:25 | Research | Castle Age |
| 16:26 | Research | Castle Age |
| 16:26 | Queue | Skirmisher |
| 16:27 | Queue | Skirmisher |
| 16:27 | Queue | Skirmisher |
| 16:38 | Build | House |
| 16:39 | Build | House |
| 16:56 | Build | House |
| 16:59 | Build | House |
| 17:05 | Build | House |
| 17:19 | Build | House |
| 17:30 | Build | House |
| 17:33 | Research | Fletching |
| 18:08 | Build | Settlement |
| 18:11 | Research | Padded Archer Armor |
| 18:11 | Research | Padded Archer Armor |
| 18:11 | Queue | Skirmisher |
| 18:12 | Queue | Skirmisher |
| 18:28 | Build | House |
| 18:29 | Queue | Skirmisher |
| 19:02 | Queue | Villager (Male) |
| 19:05 | Queue | Villager (Male) |
| 19:05 | Age | Castle Age |
| 19:09 | Build | Siege Workshop |
| 19:21 | Build | House |
| 19:23 | Build | House |
| 19:26 | Research | Bodkin Arrow |
| 19:26 | Research | Bodkin Arrow |
| 19:42 | Queue | Villager (Male) |
| 20:16 | Queue | Mangonel |
| 20:20 | Queue | Villager (Male) |
| 20:20 | Queue | Villager (Male) |
| 20:47 | Queue | Villager (Male) |
| 20:51 | Research | Bow Saw |
| 20:51 | Research | Bow Saw |
| 20:58 | Queue | Villager (Male) |
| 21:14 | Build | Palisade Wall |
| 21:21 | Queue | Mangonel |
| 21:24 | Queue | Villager (Male) |
| 21:43 | Queue | Villager (Male) |
| 21:45 | Queue | Mangonel |
| 21:48 | Queue | Villager (Male) |
| 22:12 | Build | House |
| 22:17 | Build | Town Center |
| 22:29 | Queue | Archer |
| 22:30 | Queue | Archer |
| 22:34 | Queue | Villager (Male) |
| 22:35 | Queue | Villager (Male) |
| 22:38 | Build | Farm |
| 22:50 | Build | Farm |
| 22:53 | Queue | Villager (Male) |
| 22:54 | Build | Farm |
| 23:14 | Build | Farm |
| 23:15 | Build | Farm |
| 23:20 | Build | House |
| 23:22 | Build | Farm |
| 23:26 | Build | Farm |
| 23:39 | Build | Outpost |
| 23:41 | Build | Outpost |
| 23:42 | Queue | Villager (Male) |
| 23:47 | Build | Farm |
| 23:49 | Build | Farm |
| 23:52 | Build | Farm |
| 24:13 | Queue | Villager (Male) |
| 24:18 | Build | Farm |
| 24:27 | Build | Farm |
| 24:27 | Queue | Villager (Male) |
| 24:36 | Queue | Villager (Male) |
| 24:53 | Queue | Villager (Male) |
| 25:10 | Queue | Villager (Male) |
| 25:10 | Queue | Villager (Male) |
Build order — wanna lose 21 grams
First 150 of 357 actions detected
| 0:00 | Queue | Villager (Male) |
| 0:00 | Queue | Villager (Male) |
| 0:01 | Queue | Villager (Male) |
| 0:02 | Build | House |
| 0:03 | Build | House |
| 0:15 | Queue | Villager (Male) |
| 1:27 | Queue | Villager (Male) |
| 2:02 | Queue | Villager (Male) |
| 2:02 | Queue | Villager (Male) |
| 2:14 | Queue | Villager (Male) |
| 2:14 | Queue | Villager (Male) |
| 2:42 | Queue | Villager (Male) |
| 2:42 | Queue | Villager (Male) |
| 2:50 | Queue | Villager (Male) |
| 2:50 | Queue | Villager (Male) |
| 3:24 | Queue | Villager (Male) |
| 3:24 | Queue | Villager (Male) |
| 3:25 | Build | House |
| 3:59 | Queue | Villager (Male) |
| 3:59 | Queue | Villager (Male) |
| 4:05 | Build | Mill |
| 4:29 | Queue | Villager (Male) |
| 4:46 | Queue | Villager (Male) |
| 5:21 | Queue | Villager (Male) |
| 5:22 | Queue | Villager (Male) |
| 5:22 | Queue | Villager (Male) |
| 5:43 | Queue | Villager (Male) |
| 5:52 | Build | Lumber Camp |
| 6:16 | Queue | Villager (Male) |
| 6:43 | Research | Feudal Age |
| 7:53 | Research | Loom |
| 8:41 | Build | Mining Camp |
| 8:53 | Age | Feudal Age |
| 8:56 | Queue | Villager (Male) |
| 9:02 | Build | Archery Range |
| 9:13 | Research | Double-Bit Axe |
| 9:26 | Build | House |
| 9:42 | Queue | Archer |
| 9:51 | Queue | Villager (Male) |
| 9:54 | Build | House |
| 10:15 | Queue | Archer |
| 10:21 | Queue | Villager (Male) |
| 10:34 | Queue | Archer |
| 10:41 | Build | House |
| 10:47 | Build | Mill |
| 10:55 | Queue | Villager (Male) |
| 11:13 | Queue | Villager (Male) |
| 11:15 | Build | House |
| 11:23 | Queue | Villager (Male) |
| 11:29 | Queue | Villager (Male) |
| 11:33 | Build | Blacksmith |
| 11:38 | Build | Farm |
| 11:47 | Queue | Villager (Male) |
| 11:51 | Queue | Archer |
| 11:59 | Queue | Archer |
| 12:16 | Build | Palisade Wall |
| 12:19 | Queue | Villager (Male) |
| 12:24 | Build | House |
| 12:30 | Build | Farm |
| 12:32 | Build | Farm |
| 12:35 | Build | Palisade Wall |
| 12:37 | Build | Palisade Wall |
| 12:45 | Queue | Archer |
| 13:01 | Queue | Villager (Male) |
| 13:10 | Build | Stable |
| 13:18 | Queue | Villager (Male) |
| 13:30 | Build | House |
| 13:38 | Queue | Villager (Male) |
| 13:39 | Research | Fletching |
| 13:53 | Build | Mining Camp |
| 13:58 | Queue | Villager (Male) |
| 14:03 | Queue | Archer |
| 14:05 | Queue | Scout Cavalry |
| 14:30 | Queue | Scout Cavalry |
| 14:35 | Queue | Villager (Male) |
| 14:58 | Queue | Scout Cavalry |
| 15:05 | Queue | Scout Cavalry |
| 15:06 | Queue | Villager (Male) |
| 15:27 | Queue | Archer |
| 15:42 | Build | Watch Tower |
| 15:49 | Queue | Scout Cavalry |
| 15:53 | Queue | Villager (Male) |
| 15:56 | Build | Farm |
| 15:57 | Build | Farm |
| 16:14 | Queue | Villager (Male) |
| 16:18 | Build | Farm |
| 16:29 | Queue | Archer |
| 16:32 | Build | Farm |
| 16:33 | Build | Farm |
| 16:34 | Build | Farm |
| 16:42 | Queue | Villager (Male) |
| 16:50 | Queue | Archer |
| 17:12 | Queue | Villager (Male) |
| 17:14 | Build | Farm |
| 17:23 | Build | Watch Tower |
| 17:27 | Queue | Villager (Male) |
| 17:29 | Build | Farm |
| 17:32 | Queue | Archer |
| 18:03 | Queue | Villager (Male) |
| 18:07 | Build | Farm |
| 18:08 | Build | Farm |
| 18:09 | Build | Farm |
| 18:24 | Queue | Scout Cavalry |
| 18:33 | Queue | Villager (Male) |
| 18:34 | Queue | Villager (Male) |
| 18:35 | Build | House |
| 18:48 | Build | House |
| 18:55 | Queue | Villager (Male) |
| 18:59 | Build | Farm |
| 19:02 | Build | House |
| 19:18 | Queue | Villager (Male) |
| 19:26 | Build | Watch Tower |
| 19:36 | Build | Farm |
| 19:54 | Queue | Villager (Male) |
| 20:00 | Queue | Archer |
| 20:42 | Research | Castle Age |
| 20:50 | Build | Stable |
| 20:53 | Queue | Archer |
| 20:58 | Research | Gold Mining |
| 21:14 | Build | House |
| 21:22 | Build | Farm |
| 21:31 | Research | Forging |
| 21:40 | Build | House |
| 21:46 | Build | Farm |
| 21:48 | Build | Lumber Camp |
| 22:28 | Build | Farm |
| 22:36 | Build | Farm |
| 22:46 | Research | Bloodlines |
| 23:02 | Queue | Scout Cavalry |
| 23:17 | Queue | Villager (Male) |
| 23:22 | Age | Castle Age |
| 23:24 | Queue | Knight |
| 23:24 | Queue | Knight |
| 23:30 | Build | House |
| 23:33 | Queue | Villager (Male) |
| 23:38 | Research | Bow Saw |
| 23:41 | Queue | Villager (Male) |
| 23:45 | Queue | Knight |
| 23:53 | Research | Scale Barding Armor |
| 23:59 | Queue | Villager (Male) |
| 24:16 | Build | Siege Workshop |
| 24:18 | Queue | Villager (Male) |
| 24:27 | Queue | Villager (Male) |
| 24:28 | Build | Farm |
| 24:38 | Queue | Knight |
| 24:42 | Research | Crossbowman (upgrade) |
| 24:45 | Queue | Villager (Male) |
| 24:50 | Build | House |
| 25:13 | Queue | Knight |
| 25:18 | Queue | Villager (Male) |
Match timeline
| 8:04 | Yax · first_building Barracks |
| 8:53 | wanna lose 21 grams · age_up feudal |
| 9:02 | wanna lose 21 grams · first_building Archery Range |
| 9:15 | Yax · age_up feudal |
| 9:39 | Yax · first_building Archery Range |
| 10:12 | Yax · wall_segment Palisade Wall x19 |
| 10:38 | Yax · wall_segment Palisade Wall x6 |
| 12:16 | wanna lose 21 grams · wall_segment Palisade Wall x7 |
| 12:19 | Yax · wall_segment Palisade Wall x16 |
| 12:35 | wanna lose 21 grams · wall_segment Palisade Wall x1 |
| 12:37 | wanna lose 21 grams · wall_segment Palisade Wall x8 |
| 13:10 | wanna lose 21 grams · first_building Stable |
| 19:05 | Yax · age_up castle |
| 19:09 | Yax · first_building Siege Workshop |
| 21:14 | Yax · wall_segment Palisade Wall x1 |
| 23:22 | wanna lose 21 grams · age_up castle |
| 24:16 | wanna lose 21 grams · first_building Siege Workshop |
| 27:03 | Yax · first_building Monastery |
| 29:11 | Yax · first_market_buy 100 stone |
| 29:36 | Yax · first_building Castle |
| 30:25 | wanna lose 21 grams · first_building Castle |
| 31:12 | wanna lose 21 grams · first_building Monastery |
| 31:20 | Yax · first_market_sell 500 stone |
| 38:15 | Yax · age_up imperial |
| 40:28 | wanna lose 21 grams · age_up imperial |
| 44:16 | Yax · resign |
[ AI ANALYSIS · 1 CREDIT ]
What really happened in this match?
Wolo.gg analyzes every decision: build order, eco, micro, common mistakes by bracket. Personalized analysis on WhatsApp or Discord in 30 seconds.
Civ guide
Incas
Perfil
Jugador #2944434